 Dungeon Crawl Stone Soup version 0.23-a0-690-g0a1fc62 (console) character file.

7653 Voker57 the Carver (level 10, 0/73 HPs)
             Began as a Demonspawn Gladiator on Jan 11, 2019.
             Was an Elder of Hepliaklqana.
             Slain by an ogre
             ... wielding a +0 giant club
              (28 damage)
             ... on level 2 of the Orcish Mines.
             The game lasted 00:19:03 (10934 turns).

Voker57 the Carver (Demonspawn Gladiator)          Turns: 10934, Time: 00:19:04

Health: 0/73       AC:  4    Str: 15    XL:     10   Next: 99%
Magic:  10/10      EV: 19    Int:  9    God:    Hepliaklqana [****..]
Gold:   595        SH:  4    Dex: 20    Spells: 9/9 levels left

rFire    . . .     SeeInvis .   a - +2 long sword
rCold    . . .     Gourm    .   (no shield)
rNeg     . . .     Faith    .   b - +1 leather armour
rPois    .         Spirit   .   (helmet restricted)
rElec    .         Reflect  +   (no cloak)
rCorr    .         Harm     .   (no gloves)
MR       .....                  (no boots)
Stlth    +++.......             w - +4 amulet of reflection
HPRegen  0.22/turn              h - +2 ring of dexterity
MPRegen  0.12/turn              n - +1 ring of evasion

@: no status effects
A: reduced essence, horns 1, nightstalker 1, powered by pain 3
a: Recall Ancestor, Ancestor Identity, Transference, Idealise, Renounce Religion


You were on level 2 of the Orcish Mines.
You worshipped Hepliaklqana.
Hepliaklqana was greatly pleased with you.
You were hungry.

You visited 2 branches of the dungeon, and saw 12 of its levels.
You also visited: Ossuary.

You collected 595 gold pieces.

Inventory:

Hand Weapons
 a - a +2 long sword (weapon)
Missiles
 d - 2 throwing nets (quivered)
Armour
 b - a +1 leather armour (worn)
 c - a +0 helmet
 O - a +0 troll leather armour
Jewellery
 h - a +2 ring of dexterity (left hand)
 j - an uncursed ring of fire
 n - a +1 ring of evasion (right hand)
 o - an uncursed ring of wizardry
 p - a +1 ring of evasion
 w - a +4 amulet of reflection (around neck)
 H - a +6 ring of dexterity
 M - an uncursed ring of stealth
Wands
 v - a wand of polymorph (7)
 J - a wand of paralysis (5)
 L - a wand of flame (39)
 Q - a wand of acid (7)
Scrolls
 g - a scroll of magic mapping
 l - 6 scrolls of identify
 r - 4 scrolls of teleportation
 u - 4 scrolls of enchant weapon
 y - 3 scrolls of amnesia
 A - 2 scrolls of fog
 C - a scroll of fear
 D - 2 scrolls of enchant armour
 E - 5 scrolls of remove curse
Potions
 e - 2 potions of resistance {unknown}
 i - 4 potions of heal wounds
 k - 4 potions of flight
 m - a potion of might
 q - 3 potions of agility {unknown}
 s - 6 potions of curing {unknown}
 t - a potion of magic {unknown}
 x - a potion of haste {unknown}
 z - 2 potions of cancellation {unknown}
 B - 2 potions of invisibility {unknown}
 F - a potion of mutation {unknown}
 G - 4 potions of brilliance {unknown}
 I - 2 potions of berserk rage {unknown}
 K - a potion of degeneration {unknown}
Comestibles
 f - 19 rations
 N - a chunk of flesh


   Skills:
 + Level 8.8 Fighting
 * Level 11.2 Long Blades
 - Level 1.7 Throwing
 + Level 8.3 Dodging


You had 9 spell levels left.
You didn't know any spells.
Your spell library contained the following spells:

 Spells                   Type           Power        Failure   Level  Hunger
 Sting                    Conj/Pois      #...         45%         1    ##.....
 Poisonous Vapours        Pois/Air       #.....       58%         2    ###....
 Mephitic Cloud           Conj/Pois/Air  #.......     83%         3    ####...
 Olgreb's Toxic Radiance  Pois           #.......     99%         4    #####..
 Venom Bolt               Conj/Pois      #.........   100%        5    ######.


Dungeon Overview and Level Annotations

Branches:
Dungeon (10/15)            Temple (0/1) D:5             Orc (2/2) D:10
    Elf (0/3) Orc:2
   Lair: D:8-11

Altars:
Cheibriados
Elyvilon
Gozag
Hepliaklqana
Kikubaaqudgha
Makhleb
Okawaru
Ru
Trog
Wu Jian
Yredelemnul
Zin
The Shining One

Shops:
D:5 (*[}   D:7 ?%*=


Innate Abilities, Weirdness & Mutations

You have a pair of small horns on your head.
You are slightly more attuned to the shadows.
You are powered by pain.
Your life essence is reduced to manifest your ancestor. (-10% HP)


Message History

You headbutt the orc knight, but do no damage.
The orc knight is almost dead.
You hit the orc knight but do no damage.
The orc knight is almost dead.
Chakide hits the orc knight with a +0 quarterstaff!
The orc knight dies!
Things that are here:
a +0 great sword; a +0 chain mail
There is a stone staircase leading down, spattered with blood here.
Items here: )) [[ a +0 plate armour; a +0 hand axe; a +0 robe; a cursed -1 dagger You climb downwards.
An ogre comes into view. It is wielding a +0 giant club.
The orc closely misses you.
There is a stone staircase leading up here.
Unknown command.
You slash the orc!
You kill the orc!
The ogre hits you with a +0 giant club!!
You die...

## . ####.#...#....
###.#. ##.##..........
.#...# #..............
.....## ##.#...........
......###.#............
.....................^.
....)..).....>O.@......
......#.#.....o.OR.....
.......#...............
#......................
.......................
....#.#.......#........
.......#.#....#.$..##..


You could see the friendly Chakide the battlemage, 2 ogres and an orc priest.

Vanquished Creatures
  Harold (D:7)
  The ghost of Ratty the Skirmisher, a novice MiFi (D:5)
  A troll (D:10)
  A wyvern (D:9)
  4 yaks
  Menkaure (D:5)
  2 orc warriors
  A sky beast (D:10)
  2 ice beasts
  A black bear (D:10)
  A phantom (D:9)
  2 ogres (D:10)
  A necrophage (D:9)
  4 centaurs
  A big kobold (D:8)
  3 bullfrogs
  A wyvern skeleton (D:10)
  Dowan (D:7)
  3 crimson imps
  2 hounds
  8 orc priests
  5 orc wizards
  4 worker ants
  A hound skeleton (D:6)
  10 mummies
  4 gnolls (D:2)
  8 adders
  A shadow imp (D:6)
  A white imp (D:5)
  3 oozes
  5 worms
  7 leopard geckos
  29 orcs
  7 giant cockroaches
  4 goblins
  5 hobgoblins
  2 jackals (D:5)
  2 quokkas
  A ball python simulacrum (D:5)
  10 bats
  5 frilled lizards
  A goblin skeleton (Ossuary)
  13 kobolds
  2 kobold skeletons (Ossuary)
  A leopard gecko simulacrum (D:5)
  3 orc skeletons (Ossuary)
  A quokka simulacrum (D:5)
  A quokka skeleton (D:4)
  5 rats
  8 rat skeletons (Ossuary)
191 creatures vanquished.

Vanquished Creatures (collateral kills)
  An orc knight (Orc:1)
  A troll (D:9)
  3 yaks
  Duvessa (D:7)
  4 orc warriors
  A sky beast (D:9)
  An ice beast (D:5)
  2 ogres (Orc:1)
  A phantom (D:10)
  A big kobold (D:10)
  3 bullfrogs
  A wyvern zombie (D:6)
  2 scorpions
  A crimson imp (D:5)
  A jelly (D:5)
  4 orc priests
  A bullfrog skeleton (D:4)
  4 orc wizards
  A centaur skeleton (D:8)
  An iguana (D:6)
  4 worker ants
  A bullfrog simulacrum (D:5)
  4 mummies (Ossuary)
  An adder (D:8)
  A hound simulacrum (D:5)
  An adder zombie (D:5)
  8 orcs
  A quokka (D:10)
  A goblin (D:3)
  3 kobolds (D:10)
  An orc skeleton (Ossuary)
  3 rats
  3 rat skeletons (Ossuary)
67 creatures vanquished.

Vanquished Creatures (others)
  5 battlemagi
  A quokka (D:2)
  A kobold skeleton (Ossuary)
7 creatures vanquished.

Grand Total: 265 creatures vanquished

Notes
Turn   | Place    | Note
-------+----------+-------------------------------------------
     0 | D:1      | Voker57 the Demonspawn Gladiator began the quest for the
                  | Orb.
     0 | D:1      | Reached XP level 1. HP: 16/16 MP: 1/1
   423 | D:1      | Reached skill level 3 in Long Blades
   436 | D:1      | Gained mutation: You have a pair of small horns on your
                  | head. [demonic ancestry]
   436 | D:1      | Reached XP level 2. HP: 16/22 MP: 2/2
  1292 | D:2      | Found a white marble altar of Elyvilon.
  1351 | D:2      | Reached XP level 3. HP: 28/28 MP: 3/3
  1546 | D:2      | Gained mutation: You sometimes gain a little power by
                  | taking damage. [demonic ancestry]
  1546 | D:2      | Reached XP level 4. HP: 28/34 MP: 4/4
  1622 | D:2      | Found a hazy altar of Hepliaklqana.
  1633 | D:2      | Became a worshipper of Hepliaklqana the Forgotten
  2037 | D:3      | Reached skill level 4 in Long Blades
  2299 | D:3      | Reached * piety under Hepliaklqana
  2305 | D:3      | Gained mutation: You sometimes gain power by taking damage.
                  | [demonic ancestry]
  2305 | D:3      | Reached XP level 5. HP: 29/36 MP: 5/5
  2467 | D:3      | Found a faded altar of an unknown god.
  2540 | D:3      | Found an ancient bone altar of Kikubaaqudgha.
  3380 | D:4      | Reached XP level 6. HP: 40/42 MP: 6/6
  3506 | D:4      | Found a burning altar of Makhleb.
  3709 | D:4      | Found a glowing golden altar of the Shining One.
  3763 | D:4      | Reached skill level 5 in Long Blades
  3839 | D:4      | Found an ornate altar of the Wu Jian Council.
  3928 | D:5      | Entered Level 5 of the Dungeon
  3928 | D:5      | Found a runed gate.
  3928 | D:5      | Found a runed gate.
  3928 | D:5      | Found a runed gate.
  3928 | D:5      | Reached ** piety under Hepliaklqana
  3928 | D:5      | Found Erohan's Armour Boutique.
  3929 | D:5      | Remembered your ancestor Chakide as a battlemage
  3996 | D:5      | Noticed an ice beast
  3998 | D:5      | Noticed Ratty's ghost (novice MiFi)
  4007 | D:5      | Killed an ice beast
  4007 | D:5      | Gained mutation: You are slightly more attuned to the
                  | shadows. [demonic ancestry]
  4007 | D:5      | Reached XP level 7. HP: 31/48 MP: 7/7
  4023 | D:5      | Killed Ratty's ghost
  4023 | D:5      | Reached skill level 6 in Long Blades
  4133 | D:5      | Noticed Menkaure
  4134 | D:5      | Found Justefo's General Store.
  4139 | D:5      | Killed Menkaure
  4139 | D:5      | Reached skill level 5 in Dodging
  4139 | D:5      | Reached XP level 8. HP: 22/54 MP: 8/8
  4172 | D:5      | Found Imosirch's Weapon Shoppe.
  4181 | D:5      | Reached skill level 5 in Fighting
  4264 | D:5      | Found a sand-covered staircase.
  4271 | Ossuary  | Entered an ossuary
  4833 | Ossuary  | Reached skill level 7 in Long Blades
  5192 | D:5      | Found Dugixt's Gadget Emporium.
  5317 | D:5      | Found a glowing silver altar of Zin.
  5317 | D:5      | Found an opulent altar of Gozag.
  5361 | D:5      | Found a staircase to the Ecumenical Temple.
  5710 | D:6      | Found a basalt altar of Yredelemnul.
  5877 | D:6      | Found a snail-covered altar of Cheibriados.
  5910 | D:6      | Reached skill level 8 in Long Blades
  6103 | D:6      | Gained mutation: You are powered by pain. [demonic
                  | ancestry]
  6103 | D:6      | Reached XP level 9. HP: 30/62 MP: 9/9
  6490 | D:6      | Found a bloodstained altar of Trog.
  6888 | D:7      | Reached *** piety under Hepliaklqana
  6978 | D:7      | Found Litawn's Food Emporium.
  7076 | D:7      | Found Utog Lao's Jewellery Shop.
  7077 | D:7      | Noticed Duvessa
  7078 | D:7      | Noticed Dowan
  7083 | D:7      | Killed Duvessa
  7092 | D:7      | Killed Dowan
  7120 | D:7      | Found a sacrificial altar of Ru.
  7141 | D:7      | Found Dorik's General Store.
  7338 | D:7      | Found Biequr Kaig's Magic Scroll Boutique.
  7345 | D:7      | Reached skill level 9 in Long Blades
  7383 | D:7      | Noticed Harold
  7402 | D:7      | Killed Harold
  7501 | D:7      | Found an iron altar of Okawaru.
  8382 | D:9      | Found a snail-covered altar of Cheibriados.
  8382 | D:9      | Noticed a troll
  8403 | D:9      | Killed a troll
  8403 | D:9      | Reached XP level 10. HP: 43/71 MP: 10/10
  8663 | D:9      | Reached skill level 10 in Long Blades
  9265 | D:10     | Entered Level 10 of the Dungeon
  9267 | D:10     | Reached **** piety under Hepliaklqana
  9315 | D:10     | Found a staircase to the Orcish Mines.
 10008 | D:10     | Found a white marble altar of Elyvilon.
 10507 | Orc:1    | Entered Level 1 of the Orcish Mines
 10524 | Orc:1    | Reached skill level 11 in Long Blades
 10547 | Orc:2    | Entered Level 2 of the Orcish Mines
 10547 | Orc:2    | Found a staircase to the Elven Halls.
 10567 | Orc:2    | Noticed an orc knight
 10929 | Orc:1    | Killed an orc knight
 10934 | Orc:2    | Slain by an ogre

Vault maps used:
D:1:      psy_arrival_whirlpool, hangedman_abyss_or_decor_stabs,
          minmay_tetromino_l2
D:2:      nicolae_overflow_crystal_walls, elyvilon_altar_4, first_ration
D:3:      marbit_many_paths, chequers_ecumenical_altar_grove,
          minmay_large_rounded_square
D:4:      kennysheep_mini_moat, lemuel_doored_altar,
          nicolae_tso_swordbearing_angel
D:5:      grunt_temple_overflow_gold_and_silver, minmay_temple_entry_poolview,
          serial_shops, kennysheep_mini, nicolae_shop_window_shopping,
          nicolae_shop_window_shopping, nicolae_shop_statue_plus,
          gammafunk_ghost_icy, gup_ossuary_entry_pyramid, uniq_menkaure
D:6:      old_standard_altar, overflow_temple_1_default, cheibriados_altar_1
D:7:      nicolae_ru_path_of_blood, lemuel_coloured_pillars_altar, serial_shops,
          shop, nicolae_shop_stone, nicolae_shop_trees, shop, uniq_harold,
          uniq_duvessa
D:9:      kennysheep_little_box, grunt_pizzeria
D:10:     orc_0_dummy, basic_altar
Orc:1:    serial_shops, nicolae_shop_crystal, enter_bailey_2
Orc:2:    pf_orc_diabolical, basic_altar
Ossuary:  ossuary_due_small_catacomb

Skill      XL: |  1  2  3  4  5  6  7  8  9 10 |
---------------+-------------------------------+-----
Long Blades    | 3 4 5 6 8 9 11 | 11.2
Dodging        | 3 4 5 6 7 8 |  8.3
Fighting       | 3 4 6 7 8 |  8.8
Throwing       | |  1.7

Action                   |  1- 3 |  4- 6 |  7- 9 | 10-12 || total
-------------------------+-------+-------+-------+-------++-------
Melee: Long sword        |    71 |   108 |   253 |   142 ||   574
       Headbutt          |    11 |    21 |    69 |    46 ||   147
Throw: Throwing net      |     1 |       |     2 |     1 ||     4
Invok: Ancestor Life: Ba |       |     1 |       |       ||     1
Evoke: Wand              |       |       |       |     2 ||     2
  Use: Scroll            |     9 |       |     8 |     3 ||    20
       Potion            |       |       |     5 |     1 ||     6
 Stab: Sleeping          |       |       |    14 |     4 ||    18
       Held in net/web   |       |       |     2 |       ||     2
       Distracted        |       |       |     1 |     2 ||     3
  Eat: Chunk             |     2 |     7 |    11 |     8 ||    28
       Ration            |       |       |     1 |       ||     1
Armor: Leather armour    |    23 |    32 |    20 |    11 ||    86
       Skin              |       |       |    24 |       ||    24
Dodge: Dodged            |    61 |    90 |   128 |   107 ||   386
Block: Other             |       |       |    21 |    27 ||    48
       Reflection        |       |       |     1 |     2 ||     3
       Rpst.: Long sword |    17 |    32 |    34 |    28 ||   111

Table legend:
 A = Non-vault XP
 B = Vault XP
 C = Vault XP percentage of total XP
 D = Non-vault monster count
 E = Vault monster count
 F = Vault count percentage of total count
                 A         B        C        D         E       F
            +---------+---------+-------+---------+---------+-------
      Total |    8521 |    2412 |  22.1 |     210 |      48 |  18.6
            +---------+---------+-------+---------+---------+-------
        D:1 |      27 |       3 |  10.0 |      16 |       2 |  11.1
        D:2 |      90 |       0 |   0.0 |      19 |       0 |   0.0
        D:3 |     169 |       5 |   2.9 |      30 |       1 |   3.2
        D:4 |     190 |       0 |   0.0 |      15 |       0 |   0.0
        D:5 |     395 |     855 |  68.4 |      11 |      10 |  47.6
        D:6 |    1500 |       0 |   0.0 |      25 |       0 |   0.0
        D:7 |     450 |    1165 |  72.1 |      17 |       3 |  15.0
        D:8 |     227 |       0 |   0.0 |      13 |       0 |   0.0
        D:9 |    1830 |     136 |   6.9 |      24 |       1 |   4.0
       D:10 |    2119 |       0 |   0.0 |      26 |       0 |   0.0
      Orc:1 |    1388 |       0 |   0.0 |      11 |       0 |   0.0
      Orc:2 |     136 |       0 |   0.0 |       3 |       0 |   0.0
    Ossuary |       0 |     248 | 100.0 |       0 |      31 | 100.0
            +---------+---------+-------+---------+---------+-------
